 Dungeon Crawl Stone Soup version 0.29.1-15-g9cfb28693d (webtiles) character file.

Game seed: 3780802398342714254

3600 safid the Frost Mage (level 10, 0/82 HPs)
             Began as a Merfolk Ice Elementalist on May 1, 2023.
             Was a Priest of Vehumet.
             Fell down a flight of stairs (1 damage)
             ... on level 6 of the Dungeon.
             The game lasted 00:17:46 (9361 turns).

safid the Frost Mage (Merfolk Ice Elementalist)     Turns: 9361, Time: 00:17:47

Health: 0/82       AC:  3    Str:  8    XL:     10   Next: 10%
Magic:  26/30      EV: 12    Int: 19    God:    Vehumet [***...]
Gold:   343        SH:  0    Dex: 15    Spells: 12/24 levels left

rFire   . . .      SeeInvis .   C - +2 spear (vorpal)
rCold   . . .      Faith    .   (no shield)
rNeg    . . .      Spirit   .   a - +0 robe
rPois   .          Reflect  .   (no helmet)
rElec   .          Harm     .   (no cloak)
rCorr   +          Rampage  .   s - +0 pair of gloves
Will    .....                   (no boots)
Stlth   +.........              (no amulet)
HPRegen 0.23/turn               f - ring of magical power
MPRegen 0.22/turn               m - ring of resist corrosion

@: confused
A: (nimble swimmer 2), mertail
a: Renounce Religion


You were on level 6 of the Dungeon.
You worshipped Vehumet.
Vehumet was most pleased with you.
You visited 1 branch of the dungeon, and saw 6 of its levels.

You collected 343 gold pieces.

Inventory:

Hand Weapons
 C - a +2 vorpal spear (weapon)
Missiles
 l - 2 throwing nets
 n - a curare-tipped dart
Armour
 a - a +0 robe (worn)
 s - a +0 pair of gloves (worn)
Jewellery
 f - a ring of magical power (left hand)
 m - a ring of resist corrosion (right hand)
Wands
 x - a wand of charming (7)
Scrolls
 c - 3 scrolls of fear
 g - 3 scrolls of teleportation
 h - a scroll of noise {unknown}
 j - 3 scrolls of magic mapping
 k - a scroll of poison {unknown}
 p - a scroll of brand weapon {unknown}
 q - a scroll of vulnerability {unknown}
 w - 2 scrolls of butterflies {unknown}
 y - 3 scrolls of enchant armour {unknown}
 A - 2 scrolls of enchant weapon {unknown}
 D - a scroll of silence {unknown}
 E - a scroll of blinking {unknown}
Potions
 b - 3 potions of magic
 d - 4 potions of flight {unknown}
 e - 3 potions of resistance {unknown}
 i - 3 potions of curing
 o - 3 potions of cancellation {unknown}
 r - a potion of brilliance {unknown}
 t - 2 potions of lignification {unknown}
 u - 2 potions of mutation {unknown}
 v - 2 potions of heal wounds {unknown}
 z - 2 potions of haste {unknown}
 B - a potion of invisibility {unknown}


   Skills:
 + Level 8.6 Fighting
 - Level 2.6 Dodging
 - Level 2.1 Stealth
 + Level 7.5 Spellcasting
 + Level 1.6 Conjurations
 + Level 2.8 Transmutations
 + Level 9.8 Ice Magic


You had 12 spell levels left.
You knew the following spells:

 Your Spells              Type           Power      Damage    Failure   Level
a - Freeze                Ice            100%       1d11      1%          1
b - Frozen Ramparts       Ice            88%        1d14      1%          3
c - Ozocubu's Armour      Ice            44%        N/A       1%          3
d - Irradiate             Conj/Tmut      7%         3d14      26%         5

Your spell library contained the following spells:

 Spells                   Type           Power      Damage    Failure   Level
 Iskenderun's Mystic Bla  Conj/Tloc      10%        2d4       17%         4
 Sandblast                Erth           14%        2d6       2%          1
 Hailstorm                Conj/Ice       29%        3d8       2%          4
 Conjure Flame            Conj/Fire      10%        6-21      5%          3
 Ignite Poison            Fire/Tmut/Pois 10%        N/A       5%          3
 Stone Arrow              Conj/Erth      20%        3d8       5%          3
 Passwall                 Tmut/Erth      10%        N/A       9%          2
 Sublimation of Blood     Necr           7%         N/A       14%         2
 Sticky Flame             Conj/Fire      10%        2d3       17%         4
 Petrify                  Tmut/Erth      12%        N/A       47%         4
 Summon Forest            Summ/Tloc      3%         N/A       95%         5
 Summon Mana Viper        Hex/Summ       7%         N/A       95%         5
 Summon Cactus Giant      Summ           3%         N/A       100%        6


Dungeon Overview and Level Annotations

Branches:
Dungeon (6/15)             Temple (0/1) D:6

Altars:
Elyvilon
Gozag
Nemelex Xobeh
Okawaru
Ru
Sif Muna
Vehumet
Xom


Innate Abilities, Weirdness & Mutations

((You are very nimble when in or above water. (Stealth+, EV+, Speed+++)))
Your lower body shifts to a powerful aquatic tail in water.


Message History

Your icy armour will break if you move.
Continue?
Your icy armour cracks and falls away as you move.
There is an open door here.
Casting: Freeze (safe; 1% risk of failure)
Confirm with . or Enter, or press ? or * to list all spells.
Casting: Frozen Ramparts (safe; 1% risk of failure)
Press: ? - help, Dir - look around, f - activate An open door.
The walls around you are covered in ice.
The wall freezes the orc.
The orc hits you with a +0 club.
* * * LOW HITPOINT WARNING * * *
Unknown command.
Casting: Frozen Ramparts (safe; 1% risk of failure)
Confirm with . or Enter, or press ? or * to list all spells.
A film of ice covers your body!
The wall freezes something.
The wall freezes the orc.
You kill the orc!
Vehumet accepts your kill.
Unknown command.
Your icy armour cracks and falls away as you move.
The frozen ramparts melt away as you move.
Something hits you.
* * * LOW HITPOINT WARNING * * *
Something hits you.
* * * LOW HITPOINT WARNING * * *
Something hits you but does no damage. Something hits you.
* * * LOW HITPOINT WARNING * * *
A magic dart appears from out of thin air!
The magic dart hits you!
* * * LOW HITPOINT WARNING * * *
A puff of flame appears from out of thin air!
The puff of flame hits you!
* * * LOW HITPOINT WARNING * * *
There is an open door here.
There is a stone staircase leading up here.
You hear some strange, mumbled words.
You are confused.
In your confused state, you trip and fall back down the stairs.
You die...

...#....# #....#
#..#....#####....#
#..####..........#
#.....#..........#
......)).........#
......#..........#####
......#........<.....#
#.....#.)..>.........#
#######.........@....#
'.....#..............#####
#.....+..........#'##....#
#######..........#..#....#
.......#####.....#.......#
.......# #.....#..#....#
..###### ############..#
..# ........####..# ###
8..8..8..8##'##


There were no monsters in sight!

Vanquished Creatures
  Pikel (D:6)
  Maggie (D:6)
  A steam dragon (D:6)
  4 water moccasins
  An ice beast (D:5)
  4 orc warriors (D:6)
  An ogre (D:6)
  A centaur (D:5)
  2 kobold brigands
  2 bullfrogs (D:6)
  A necrophage (D:4)
  2 scorpions (D:5)
  2 jellies (D:6)
  A howler monkey (D:4)
  3 orc priests
  6 hounds
  2 gnoll boudas (D:4)
  2 iguanas
  10 orc wizards
  23 gnolls
  6 adders
  A shadow imp (D:5)
  A white imp (D:6)
  An ufetubus (D:5)
  3 worms
  A dart slug (D:2)
  55 orcs
  9 bats
  6 endoplasms
  7 giant cockroaches
  8 goblins
  11 hobgoblins
  12 jackals
  4 kobolds
  4 quokkas
  5 ball pythons
  7 frilled lizards
  4 rats
215 creatures vanquished.

Vanquished Creatures (others)
  A plant (D:4)
1 creature vanquished.

Grand Total: 216 creatures vanquished

Notes
Turn   | Place    | Note
-------+----------+-------------------------------------------
     0 | D:1      | safid the Merfolk Ice Elementalist began the quest for the
                  | Orb.
     0 | D:1      | Reached XP level 1. HP: 13/13 MP: 3/3
   320 | D:1      | Reached XP level 2. HP: 20/20 MP: 5/5
   349 | D:1      | Reached skill level 1 in Fighting
  1067 | D:1      | You fall into a shaft and drop 1 floor!
  1084 | D:2      | Reached XP level 3. HP: 22/26 MP: 6/6
  1164 | D:2      | Found a faded altar of an unknown god.
  2003 | D:2      | Reached skill level 5 in Ice Magic
  2003 | D:2      | Reached XP level 4. HP: 32/33 MP: 8/8
  2030 | D:2      | Learned a level 3 spell: Frozen Ramparts
  2034 | D:2      | Learned a level 3 spell: Ozocubu's Armour
  2918 | D:3      | Found an opulent altar of Gozag.
  3419 | D:4      | Noticed a necrophage
  3435 | D:4      | Killed a necrophage
  3436 | D:4      | Reached XP level 5. HP: 11/40 MP: 4/9
  4460 | D:4      | Reached XP level 6. HP: 47/47 MP: 11/11
  4692 | D:4      | Reached skill level 6 in Ice Magic
  5156 | D:4      | Found a radiant altar of Vehumet.
  5164 | D:4      | Became a worshipper of Vehumet
  5290 | D:4      | Found an iron altar of Okawaru.
  5296 | D:4      | Reached XP level 7. HP: 42/54 MP: 13/13
  6217 | D:4      | Reached * piety under Vehumet
  6217 | D:4      | Offered knowledge of Shock by Vehumet.
  6218 | D:4      | Reached skill level 5 in Fighting
  6384 | D:5      | Entered Level 5 of the Dungeon
  6449 | D:5      | Reached skill level 7 in Ice Magic
  6458 | D:5      | Reached skill level 5 in Spellcasting
  6458 | D:5      | Reached XP level 8. HP: 23/62 MP: 15/15
  7562 | D:6      | Found a runed translucent door.
  7600 | D:6      | Noticed Pikel
  7608 | D:6      | Killed Pikel
  7609 | D:6      | Reached skill level 8 in Ice Magic
  7609 | D:6      | Reached XP level 9. HP: 41/72 MP: 17/18
  7640 | D:6      | Offered knowledge of Magic Dart by Vehumet.
  7955 | D:6      | Reached ** piety under Vehumet
  8221 | D:6      | Reached skill level 9 in Ice Magic
  8341 | D:6      | Found a white marble altar of Elyvilon.
  8346 | D:6      | Found a staircase to the Ecumenical Temple.
  8443 | D:6      | Found a shimmering altar of Xom.
  8590 | D:6      | Learned a level 5 spell: Irradiate
  8637 | D:6      | Found a shimmering blue altar of Sif Muna.
  8637 | D:6      | Found a sparkling altar of Nemelex Xobeh.
  8639 | D:6      | Noticed Maggie
  8684 | D:6      | Killed Maggie
  8685 | D:6      | Reached skill level 1 in Conjurations
  8685 | D:6      | Reached skill level 1 in Transmutations
  8892 | D:6      | Found a sacrificial altar of Ru.
  8899 | D:6      | Offered knowledge of Scorch by Vehumet.
  9323 | D:6      | Reached XP level 10. HP: 53/82 MP: 21/21
  9328 | D:6      | Reached *** piety under Vehumet
  9340 | D:6      | Offered knowledge of Iskenderun's Mystic Blast by Vehumet.
  9357 | D:6      | HP: 1/82 [something/puff of flame (10)]
  9361 | D:6      | Fell down a flight of stairs

Illustrated notes

Levels and vault maps discovered:
D:1:      dpeg_arrival_refuge, layout_basic, minmay_tall_x
D:2:      layout_basic, ebering_ecumenical_altar_hall,
          chequers_serial_rivers_small_a, corexii_leaking_fountain,
          mrwooster_statue_mirror
D:3:      layout_basic, nicolae_gozag_seed_capital, minmay_misc_feat_nine_boxes,
          minivault_25
D:4:      lemuel_castle_with_subvaults [lemuel_castle_interior_carwin_3],
          layout_loops_cross, kennysheep_little_box, lemuel_crystal_altar,
          minmay_stone_trees_small
D:5:      layout_loops_ring
D:6:      layout_gridville, elyvilon_altar_5, tgw_xom,
          grunt_temple_overflow_open, minmay_temple_entry_butterflies,
          lightli_church_of_beogh, uniq_maggie, uniq_pikel

Skill      XL: |  1  2  3  4  5  6  7  8  9 |
---------------+----------------------------+-----
Fighting       | 1 2 3 4 5 7 8 |  8.6
Ice Magic      | 5 6 7 8 9 |  9.8
Spellcasting   | 3 4 5 6 7 |  7.5
Conjurations   | 1 |  1.6
Transmutations | 2 |  2.8
Dodging        | |  2.6
Stealth        | |  2.1

Action                   |  1- 3 |  4- 6 |  7- 9 | 10-12 || total
-------------------------+-------+-------+-------+-------++-------
Melee: Short sword       |    69 |    35 |       |       ||   104
       Falchion          |       |    28 |    13 |       ||    41
       Tailslap          |       |     1 |       |       ||     1
       Spear             |       |       |   139 |    14 ||   153
       Punch             |       |       |     1 |       ||     1
 Cast: Freeze            |    47 |    53 |    44 |     5 ||   149
       Frozen Ramparts   |       |    17 |    38 |     2 ||    57
       Ozocubu's Armour  |       |     7 |    20 |     1 ||    28
  Use: Potion            |       |     1 |     3 |     1 ||     5
       Scroll            |       |       |     4 |       ||     4
 Stab: Sleeping          |     2 |       |     3 |       ||     5
       Distracted        |       |       |     1 |       ||     1
Armor: Robe              |    29 |    38 |    49 |     1 ||   117
Dodge: Dodged            |   104 |    82 |   116 |    12 ||   314
